 Dungeon Crawl Stone Soup version 0.15-a0-1230-gf41e293 (webtiles) character file.

912 Crauler the Insei (level 7, -5/56 HPs)
             Began as a Yellow Draconian Transmuter on June 3, 2014.
             Was a Believer of Kikubaaqudgha.
             Shot with an arrow by a centaur (6 damage)
             ... on Level 6 of the Dungeon.
             The game lasted 00:28:10 (5526 turns).

Crauler the Insei (Yellow Draconian Transmuter)     Turns: 5526, Time: 00:28:14

HP  -5/56        AC  6     Str 12      XL: 7   Next: 82%
MP  14/14        EV 13     Int 15      God: Kikubaaqudgha [**....]
Gold 350         SH  0     Dex 12      Spells:  3 memorised,  7 levels left

rFire  . . .     SeeInvis .     B - staff of poison
rCold  . . .     Clarity  .     (armour unavailable)
rNeg   . . .     rCorr    +     (no shield)
rPois  +         rRot     .     (helmet restricted)
rElec  .         Spirit   .     (no cloak)
SustAb .         Warding  .     (no gloves)
rMut   .         Stasis   .     (no boots)
Gourm  .                        (no amulet)
MR     .....                    (no ring)
                                (no ring)

@: not resistant to hostile enchantments, very unstealthy
A: spit acid, acid resistance, unfitting armour, cold-blooded, AC +6
a: Spit Acid, Receive Corpses, Renounce Religion


You were on level 6 of the Dungeon.
You worshipped Kikubaaqudgha.
Kikubaaqudgha was pleased with you.
You were near starving.

You visited 1 branch of the dungeon, and saw 6 of its levels.

You collected 350 gold pieces.

Inventory:

Missiles
 b - 12 arrows
Armour
 c - a +0 buckler
Magical devices
 z - a wand of lightning (5)
Comestibles
 a - 3 bread rations
 g - a beef jerky
 l - 3 meat rations
 o - a slice of pizza
 v - 5 rotting chunks of ogre flesh
 w - a rotting chunk of bat flesh
Scrolls
 e - 2 scrolls of random uselessness
 f - 2 scrolls of magic mapping {unknown}
 i - 2 scrolls of enchant weapon II
 j - 4 scrolls of identify
 m - a scroll of noise
 n - a scroll of enchant armour
 t - 2 scrolls of remove curse
 y - 2 scrolls of blinking {unknown}
 A - a scroll of vulnerability {unknown}
Jewellery
 r - an uncursed ring of magical power {unknown}
 s - an uncursed ring of teleportation
Potions
 h - 3 potions of haste
 k - 5 potions of curing
 q - a potion of agility
 u - a potion of lignification {unknown}
 x - a potion of flight {unknown}
Books
 d - a book of Changes

   Spells                             Type                      Level
   *Beastly Appendage                 Transmutation                1
   Sticks to Snakes                   Transmutation                2
   *Spider Form                       Transmutation/Poison         3
   Ice Form                           Ice/Transmutation            4
   Blade Hands                        Transmutation                5
 p - Kikubaaqudgha's Guide on Dark Secrets
   (Kikubaaqudgha gifted it to you on level 4 of the Dungeon)

   Spells                             Type                      Level
   *Animate Skeleton                  Necromancy                   1
   Corpse Rot                         Necromancy                   2
   Sublimation of Blood               Necromancy                   2
   Regeneration                       Charms/Necromancy            3
   Control Undead                     Necromancy                   4
Magical staves
 B - an uncursed staff of poison (weapon)


   Skills:
 + Level 2.9 Fighting
 * Level 3.8 Dodging
 * Level 5.2 Unarmed Combat
 - Level 3.0 Spellcasting
 * Level 3.3 Necromancy
 * Level 4.2 Transmutations
 - Level 1.7 Poison Magic


You had 7 spell levels left.
You knew the following spells:

 Your Spells              Type           Power        Failure   Level  Hunger
a - Beastly Appendage     Trmt           ###...       3%          1    #......
b - Spider Form           Trmt/Pois      ###.......   21%         3    ###....
c - Animate Skeleton      Necr           N/A          6%          1    #......


Dungeon Overview and Level Annotations

Branches:
Dungeon (6/15)
 Temple: D:4-7

Altars:
Ashenzari
Cheibriados
Kikubaaqudgha
Nemelex Xobeh
Okawaru
Qazlal
Sif Muna
Trog
Xom

Annotations:
D:5 Crauler's ghost, experienced DrTm
D:6 Eustachio


Innate Abilities, Weirdness & Mutations

You can spit globs of acid.*
You can corrode armour when you spit acid.*
You are resistant to acid.*
Your golden yellow scales are hard (AC +6).*
Your body does not fit into most forms of armour.
Your cold-blooded metabolism reacts poorly to cold.*


Message History

The centaur shoots an arrow.
The arrow hits you but does no damage.
The centaur shoots an arrow.
The arrow barely misses you.
You see here an arrow.
The centaur shoots an arrow.
The arrow hits you. The arrow burns you.
* * * LOW HITPOINT WARNING * * *
x2 You see here an arrow.
The centaur shoots an arrow.
The arrow barely misses you.
The centaur shoots an arrow.
The arrow misses you.
The centaur shoots an arrow.
The arrow hits you.
* * * LOW HITPOINT WARNING * * *
The arrow burns you.
* * * LOW HITPOINT WARNING * * *
x2 You see here an arrow.
The centaur shoots an arrow.
The arrow hits you.
* * * LOW HITPOINT WARNING * * *
The arrow burns you.
* * * LOW HITPOINT WARNING * * *
x2 The centaur shoots an arrow.
The arrow hits you.
You die...
Kikubaaqudgha rasps: "You have failed me!
Welcome... death!"

#................#
#................#
#................#
#................#
#................#
#................#
#........c.......#
#................#####
#....@(..(r.r.(.......
#.....................
#....(.......(........
#.....................
#............(........
#.........(...........
######################


You could see a centaur and 2 green rats.

Vanquished Creatures
  A hippogriff (D:4)
  An ice beast (D:6)
  2 ogres
  Blork the orc (D:5)
  2 wights (D:6)
  3 hounds
  A giant frog zombie (D:5)
  An iguana (D:5)
  Ijyb (D:2)
  A hound skeleton (D:4)
  A big fish zombie (D:2)
  6 adders
  An orc skeleton (D:5)
  2 giant geckos
  7 orcs (D:4)
  A ball python (D:3)
  13 bats
  A bat zombie (D:2)
  4 giant cockroaches
  7 hobgoblins
  6 jackals
  3 giant newts
  13 goblins
  A hobgoblin zombie (D:5)
  7 kobolds
  3 quokkas (D:4)
  11 rats
  3 rat zombies
104 creatures vanquished.

Vanquished Creatures (collateral kills)
  A wight (D:6)
  A hound (D:6)
  A rat (D:4)
3 creatures vanquished.

Vanquished Creatures (others)
  An ogre skeleton (D:6)
  3 goblin skeletons (D:4)
4 creatures vanquished.

Grand Total: 111 creatures vanquished

Notes
Turn   | Place    | Note
--------------------------------------------------------------
     0 | D:1      | Crauler, the Draconian Transmuter, began the quest for the Orb.
     0 | D:1      | Reached XP level 1. HP: 16/16 MP: 3/3
   401 | D:1      | Reached XP level 2. HP: 23/23 MP: 4/4
   820 | D:2      | Reached XP level 3. HP: 10/28 MP: 6/6
  1288 | D:2      | Learned a level 3 spell: Spider Form
  1388 | D:2      | Noticed Ijyb
  1518 | D:2      | Killed Ijyb
  1518 | D:2      | Reached skill level 1 in Poison Magic
  1728 | D:2      | Found an ancient bone altar of Kikubaaqudgha.
  1742 | D:2      | Became a worshipper of Kikubaaqudgha
  1758 | D:2      | Reached XP level 4. HP: 28/35 MP: 8/8
  2073 | D:3      | Paralysed by a potion of paralysis for 2 turns
  2792 | D:3      | Found a snail-covered altar of Cheibriados.
  3103 | D:4      | Reached skill level 4 in Unarmed Combat
  3103 | D:4      | Reached skill level 1 in Necromancy
  3103 | D:4      | Reached XP level 5. HP: 17/40 MP: 11/11
  3259 | D:4      | Noticed a hippogriff
  3291 | D:4      | Killed a hippogriff
  3291 | D:4      | Acquired Kikubaaqudgha's first power
  3291 | D:4      | Received a gift from Kikubaaqudgha
  3291 | D:4      | Reached XP level 6. HP: 17/48 MP: 1/12
  3292 | D:4      | Identified Kikubaaqudgha's Guide on Dark Secrets (Kikubaaqudgha gifted it to you on level 4 of the Dungeon)
  3305 | D:4      | Learned a level 1 spell: Animate Skeleton
  3930 | D:5      | Entered Level 5 of the Dungeon
  4177 | D:5      | Noticed Blork the orc
  4199 | D:5      | Noticed Crauler's ghost (experienced DrTm)
  4229 | D:4      | Your scales start taking on a golden yellow colour.
  4229 | D:4      | Reached XP level 7. HP: 39/56 MP: 14/14
  4462 | D:5      | Found a deep blue altar of Sif Muna.
  4716 | D:5      | Killed Blork the orc
  5052 | D:6      | Found a bloodstained altar of Trog.
  5052 | D:6      | Found a shattered altar of Ashenzari.
  5054 | D:6      | Found a sparkling altar of Nemelex Xobeh.
  5055 | D:6      | Found a stormy altar of Qazlal.
  5058 | D:6      | Found a shimmering altar of Xom.
  5060 | D:6      | Found an iron altar of Okawaru.
  5095 | D:6      | Reached skill level 5 in Unarmed Combat
  5237 | D:6      | Acquired Kikubaaqudgha's second power
  5460 | D:6      | Noticed Eustachio
  5526 | D:6      | HP: 2/56 [centaur/arrow (1)]
  5526 | D:6      | Shot with an arrow by a centaur

Action                   |  1- 3 |  4- 6 |  7- 9 || total
-------------------------+-------+-------+-------++-------
Melee: Unarmed           |   166 |   207 |    81 ||   454
 Cast: Spider Form       |     2 |     4 |     6 ||    12
       Beastly Appendage |       |     4 |     1 ||     5
       Animate Skeleton  |       |     5 |     1 ||     6
 Abil: Spit Acid         |       |       |     1 ||     1
       End Transformatio |       |       |     1 ||     1
Evoke: Wand              |       |       |     1 ||     1
  Use: Scroll            |     6 |     2 |       ||     8
       Potion            |       |     5 |     2 ||     7
 Stab: Distracted        |       |     1 |       ||     1
